 Dungeon Crawl Stone Soup version 0.31-a0-1300-gb6740aa4e6 (webtiles) character file.

Game seed: 6358766279771274671

27615 pokeman the Eclecticist (level 13, -4/70 HPs)
             Began as a Deep Elf Hedge Wizard on Dec 19, 2023.
             Was an Elder of Vehumet.
             Killed from afar by an ironbound thunderhulk (39 damage)
             ... with a bolt of lightning
             ... on level 13 of the Dungeon.
             The game lasted 00:41:55 (15800 turns).

pokeman the Eclecticist (Deep Elf Hedge Wizard)    Turns: 15800, Time: 00:41:56

Health: -4/70      AC:  9    Str:  7    XL:     13   Next: 5%
Magic:  26/37      EV: 11    Int: 25    God:    Vehumet [****..]
Gold:   268        SH:  5    Dex: 14    Spells: 18/48 levels left

rFire   . . .        h - +2 rapier (venom)
rCold   . . .        R - +0 buckler
rNeg    . . .        q - +3 leather armour
rPois   +            C - +0 helmet
rElec   .            (no cloak)
rCorr   .            (no gloves)
SInv    .            E - +0 pair of boots
Will    +....        G - amulet of magic regeneration
Stlth   ++           s - ring of flight
HPRegen 0.31/turn    I - ring of poison resistance
MPRegen 0.65/turn

%: no passive effects
@: flying
A: no striking features
a: Renounce Religion


You were on level 13 of the Dungeon.
You worshipped Vehumet.
Vehumet was greatly pleased with you.
You visited 2 branches of the dungeon, and saw 14 of its levels.

You collected 908 gold pieces.
You spent 640 gold pieces at shops.

Inventory:

Hand Weapons
 h - a +2 rapier of venom (weapon)
 J - the +8 whip of the Tired Violins {flame, Str+5}
   (You found it on level 11 of the Dungeon)

   Str+5:     It affects your strength (+5).
Missiles
 f - 6 curare-tipped darts
 K - a throwing net
Armour
 i - an orb of energy
 q - a +3 leather armour (worn)
 C - a +0 helmet (worn)
 E - a +0 pair of boots (worn)
 M - a +1 robe of cold resistance
 R - a +0 buckler (worn)
Magical Staves
 N - a staff of cold
Jewellery
 s - a ring of flight (left hand)
 B - an amulet of guardian spirit
 G - an amulet of magic regeneration (around neck)
 I - a ring of poison resistance (right hand)
 P - a ring of protection from cold
Wands
 c - a wand of mindburst (20)
 z - a wand of charming (8)
 D - a wand of iceblast (9)
 F - a wand of digging (8)
 O - a wand of flame (9)
Scrolls
 a - 2 scrolls of enchant weapon
 g - 3 scrolls of noise
 k - 4 scrolls of blinking
 l - 2 scrolls of poison
 u - 4 scrolls of enchant armour
 v - a scroll of torment
 w - 2 scrolls of amnesia
 x - 2 scrolls of teleportation
 y - 2 scrolls of fear
 A - 4 scrolls of vulnerability
 H - 2 scrolls of revelation
Potions
 b - 2 potions of attraction
 d - 2 potions of magic
 e - 4 potions of curing
 j - 3 potions of brilliance
 m - 5 potions of heal wounds {unknown}
 n - 3 potions of lignification {unknown}
 o - 3 potions of ambrosia {unknown}
 p - a potion of haste {unknown}
 r - a potion of resistance {unknown}
 t - a potion of enlightenment {unknown}
 L - a potion of mutation {unknown}


   Skills:
 - Level 4.0 Fighting
 + Level 4.4 Armour
 - Level 3.0 Dodging
 - Level 3.0 Stealth
 - Level 5.0 Shields
 * Level 18.1 Spellcasting
 + Level 11.7 Conjurations
 - Level 1.1 Summonings
 - Level 1.1 Translocations
 - Level 1.1 Transmutations
 + Level 10.2 Fire Magic
 - Level 1.1 Ice Magic
 - Level 1.0 Air Magic
 - Level 1.0 Earth Magic
 - Level 1.0 Poison Magic
 - Level 1.1 Evocations


You had 18 spell levels left.
You knew the following spells:

 Your Spells              Type           Power      Damage    Failure   Level
a - Magic Dart            Conj           100%       1d8       1%          1
b - Mephitic Cloud        Conj/Pois/Air  45%        N/A       1%          3
c - Call Imp              Summ           56%        N/A       4%          2
d - Blink                 Tloc           56%        N/A       4%          2
e - Foxfire               Conj/Fire      100%       2x1d9     1%          1
f - Stone Arrow           Conj/Erth      100%       3d13      1%          3
g - Starburst             Conj/Fire      33%        6d10      2%          6
h - Freezing Cloud        Conj/Ice/Air   22%        6-21      5%          5
i - Ignite Poison         Fire/Tmut/Pois 43%        N/A       1%          3
j - Flame Wave            Conj/Fire      67%        2d15      1%          4

Your spell library contained the following spells:

 Spells                   Type           Power      Damage    Failure   Level
 Sticky Flame             Conj/Fire      67%        2d8       1%          4
 Scorch                   Fire           100%       2d9       1%          2
 Searing Ray              Conj           100%       2d8       1%          2
 Fulminant Prism          Conj/Hex       25%        3d14      1%          4
 Iskenderun's Mystic Bla  Conj/Tloc      53%        2d11      1%          4
 Summon Small Mammal      Summ           100%       N/A       3%          1
 Slow                     Hex            88%        N/A       4%          1
 Cigotuvi's Dreadful Rot  Necr/Pois/Air  52%        N/A       5%          2
 Call Canine Familiar     Summ           28%        N/A       9%          3
 Summon Guardian Golem    Hex/Summ       25%        N/A       11%         3
 Tukima's Dance           Hex            22%        N/A       14%         3
 Plasma Beam              Fire/Air       25%        2x1d37    17%         6
 Animate Armour           Summ/Erth      56%        N/A       30%         4
 Dimensional Bullseye     Hex/Tloc       12%        N/A       36%         4
 Anguish                  Hex/Necr       11%        N/A       43%         4
 Cause Fear               Hex            11%        N/A       43%         4
 Alistair's Intoxication  Tmut/Pois      18%        N/A       63%         5
 Borgnjor's Vile Clutch   Necr/Erth      12%        N/A       71%         5
 Eringya's Noxious Bog    Tmut/Pois      14%        4d6       71%         6
 Summon Cactus Giant      Summ           14%        N/A       99%         6
 Lehudib's Crystal Spear  Conj/Erth      26%        10d7      99%         8
 Enfeeble                 Hex            11%        N/A       100%        7


Dungeon Overview and Level Annotations

Branches:
Dungeon (13/15)            Temple (1/1) D:4            Lair (0/5) D:8
    Orc (0/2) D:10
 Vaults: D:13-14

Altars:
Ashenzari
Cheibriados
Dithmenos
Elyvilon
Fedhas
Gozag
Hepliaklqana
Kikubaaqudgha
Makhleb
Nemelex Xobeh
Okawaru
Qazlal
Ru
Sif Muna
Trog
Uskayaw
Vehumet
Wu Jian
Xom
Yredelemnul
Zin
The Shining One

Shops:
D:3 ?   D:6 [   D:10 :

Annotations:
D:12 3 runed translucent doors, juliuscaesar's ghost, novice FoDe


Message History

Casting: Starburst (dangerous; 2% risk of failure)
Press: ? - help, Dir - look around, f - activate The bolt of fire hits the vault guard!!
The vault guard is severely wounded.
Unknown command.
Casting: Starburst (dangerous; 2% risk of failure)
Confirm with . or Enter, or press ? or * to list all spells.
Casting: Starburst (dangerous; 2% risk of failure)
Press: ? - help, Dir - look around, f - activate The bolt of fire hits the vault guard!!!
You kill the vault guard!
Vehumet accepts your kill.
You feel your power returning.
Unknown command.
Things that are here:
a +3 war axe; a +0 plate armour; a human corpse An ironbound thunderhulk is nearby!
The ironbound thunderhulk shouts!
Electricity crackles from the ironbound thunderhulk's apparatus.
The bolt of lightning hits you!!!
Ouch! That really hurt!
Casting: Starburst (dangerous; 2% risk of failure)
Confirm with . or Enter, or press ? or * to list all spells.
Casting: Starburst (dangerous; 2% risk of failure)
Press: ? - help, Dir - look around, f - activate The bolt of fire hits the ironbound thunderhulk!!!
The ironbound thunderhulk is moderately wounded.
Electricity crackles from the ironbound thunderhulk's apparatus.
The bolt of lightning misses you.
Unknown command.
Casting: Starburst (dangerous; 2% risk of failure)
Confirm with . or Enter, or press ? or * to list all spells.
Casting: Starburst (dangerous; 2% risk of failure)
Press: ? - help, Dir - look around, f - activate The bolt of fire hits the ironbound thunderhulk!!
The ironbound thunderhulk is severely wounded.
Electricity crackles from the ironbound thunderhulk's apparatus.
The bolt of lightning hits you!!!
Ouch! That really hurt!
You die...

######..#............####..#
..# . ..#..>.....#...#..#..#
.# .
#........#.........##### .
#........#.........#..###
######
#........######.##.'....#
.....#
#..$..........#....'O..p.
....†#
#.............#...)p....#
.....#
#..........)..#..#.#..###
.....#
#.....#.@...[O...#.#####
.....# #....
#..........#.....# .....#
#... #................#
.....# #..
#................# .....# ..
#########..#.....# .....# .
.....####### .....# ......#
.....# .......# .....#
........


You could see an ironbound thunderhulk.

Vanquished Creatures
  Josephine (D:12)
  Fannar (D:12)
  A vault guard (D:13)
  5 two-headed ogres
  A centaur warrior (D:13)
  2 tengu warriors (D:13)
  Urug (D:12)
  9 skeletal warriors
  A deep elf pyromancer (D:13)
  2 ugly things
  A manticore (D:11)
  3 cyclopes
  An unseen horror (D:11)
  2 kobold demonologists (D:10)
  A troll (shapeshifter) (D:13)
  2 trolls
  Grinder (D:6)
  7 slime creatures (D:12)
  A raiju (shapeshifter) (D:13)
  A shadow (D:13)
  Sigmund (D:3)
  6 wraiths
  3 wyverns
  3 yaks (D:8)
  2 water elementals (D:13)
  2 steam dragons
  Edmund (D:4)
  4 vampire mosquitoes (D:11)
  An acid dragon (D:13)
  4 water moccasins
  7 orc warriors
  2 ice beasts (D:5)
  3 sky beasts (D:7)
  2 black bears
  An ogre (D:6)
  9 centaurs
  A phantom (D:6)
  4 kobold brigands
  4 bullfrogs
  A gnoll sergeant (D:8)
  2 scorpions
  12 wights
  20 killer bees
  7 howler monkeys
  3 hounds
  4 jellies
  11 orc priests
  4 gnoll boudas
  3 sleepcaps
  7 iguanas
  17 orc wizards
  19 gnolls
  7 adders
  2 ufetubi (D:6)
  A worm (D:2)
  3 dart slugs (D:1)
  46 orcs
  8 endoplasms
  4 giant cockroaches
  9 goblins
  9 hobgoblins
  2 jackals (D:2)
  4 quokkas
  12 ball pythons
  4 bats
  A frilled lizard (D:1)
  13 kobolds
  5 rats
344 creatures vanquished.

Vanquished Creatures (collateral kills)
  An adder (D:2)
  2 foxfires (D:8)
3 creatures vanquished.

Vanquished Creatures (others)
  369 foxfires
369 creatures vanquished.

Grand Total: 716 creatures vanquished

Notes
Turn   | Place    | Note
-------+----------+-------------------------------------------
     0 | D:1      | pokeman the Deep Elf Hedge Wizard began the quest for the
                  | Orb.
     0 | D:1      | Reached XP level 1. HP: 10/10 MP: 7/7
   316 | D:1      | Reached XP level 2. HP: 15/15 MP: 7/9
   994 | D:1      | Reached skill level 5 in Spellcasting
  1183 | D:2      | Reached XP level 3. HP: 12/20 MP: 3/11
  1187 | D:2      | Learned a level 3 spell: Mephitic Cloud
  1190 | D:2      | Learned a level 2 spell: Call Imp
  1193 | D:2      | Learned a level 2 spell: Blink
  1499 | D:2      | Reached skill level 1 in Fighting
  1499 | D:2      | Reached skill level 1 in Armour
  1882 | D:2      | Reached XP level 4. HP: 25/25 MP: 1/13
  2671 | D:3      | Noticed Sigmund
  2685 | D:3      | Killed Sigmund
  2686 | D:3      | Reached XP level 5. HP: 20/29 MP: 1/15
  2686 | D:3      | Reached XP level 6. HP: 24/34 MP: 1/16
  2844 | D:3      | Found The Oracle's Delphic Readings.
  2852 | D:3      | Bought a scroll of identify for 20 gold pieces
  3449 | D:4      | Noticed Edmund
  3534 | D:4      | Reached skill level 6 in Spellcasting
  3622 | D:4      | Found a staircase to the Ecumenical Temple.
  3633 | Temple   | Entered the Ecumenical Temple
  3639 | Temple   | Became a worshipper of Vehumet
  3893 | D:4      | Reached skill level 5 in Conjurations
  3911 | D:4      | Killed Edmund
  3912 | D:4      | Reached skill level 7 in Spellcasting
  4398 | D:4      | Reached skill level 1 in Poison Magic
  4398 | D:4      | Reached XP level 7. HP: 22/38 MP: 14/19
  4602 | D:4      | Reached skill level 1 in Air Magic
  4827 | D:5      | Entered Level 5 of the Dungeon
  4926 | D:3      | Bought a Trismegistus Codex for 260 gold pieces
  4930 | D:3      | Learned a level 3 spell: Ignite Poison
  4936 | D:3      | Learned a level 5 spell: Freezing Cloud
  5276 | D:5      | Reached skill level 1 in Transmutations
  5276 | D:5      | Reached skill level 1 in Fire Magic
  5276 | D:5      | Reached skill level 1 in Ice Magic
  5278 | D:5      | Reached skill level 8 in Spellcasting
  5439 | D:5      | Reached * piety under Vehumet
  5439 | D:5      | Offered knowledge of Kiss of Death by Vehumet.
  5755 | D:5      | Reached XP level 8. HP: 44/44 MP: 13/22
  5906 | D:5      | Learned a level 4 spell: Flame Wave
  6229 | D:6      | Reached skill level 9 in Spellcasting
  6229 | D:6      | Reached skill level 1 in Evocations
  6663 | D:6      | Reached ** piety under Vehumet
  6663 | D:6      | Offered knowledge of Sandblast by Vehumet.
  6686 | D:6      | Found Uruatexisi's Antique Armour Emporium.
  6755 | D:6      | Noticed Grinder
  6790 | D:6      | Reached skill level 10 in Spellcasting
  6790 | D:6      | Paralysed by Grinder for 5 turns
  6829 | D:6      | Paralysed by Grinder for 3 turns
  6882 | D:6      | Killed Grinder
  6883 | D:6      | Reached XP level 9. HP: 10/48 MP: 5/25
  7986 | D:7      | Found an iron altar of Okawaru.
  7992 | D:7      | Reached skill level 11 in Spellcasting
  7993 | D:7      | Reached skill level 1 in Shields
  8327 | D:7      | You are sucked into a shaft and drop 3 floors!
  8327 | D:10     | Entered Level 10 of the Dungeon
  8346 | D:10     | Noticed a two-headed ogre
  8449 | D:10     | Reached skill level 5 in Fire Magic
  8468 | D:10     | Learned a level 1 spell: Foxfire
  8475 | D:10     | Learned a level 6 spell: Starburst
  8577 | D:10     | Offered knowledge of Poisonous Vapours by Vehumet.
  8733 | D:9      | Reached skill level 12 in Spellcasting
  8921 | D:9      | Noticed a two-headed ogre
  8931 | D:9      | Killed a two-headed ogre
  8931 | D:9      | Reached *** piety under Vehumet
  8932 | D:9      | Reached XP level 10. HP: 53/53 MP: 23/28
  9058 | D:8      | Noticed a two-headed ogre
  9070 | D:8      | Killed a two-headed ogre
  9405 | D:8      | Reached skill level 13 in Spellcasting
  9680 | D:3      | Bought a book of Armaments for 360 gold pieces
  9684 | D:3      | Learned a level 3 spell: Stone Arrow
  9897 | D:8      | Offered knowledge of Olgreb's Toxic Radiance by Vehumet.
  9898 | D:8      | Reached skill level 1 in Earth Magic
  9968 | D:8      | Found a staircase to the Lair.
 10010 | D:8      | Found a blossoming altar of Fedhas.
 10069 | D:8      | Found an ornate altar of the Wu Jian Council.
 10716 | D:9      | Found a white marble altar of Elyvilon.
 10773 | D:9      | Reached **** piety under Vehumet
 10779 | D:9      | Reached skill level 14 in Spellcasting
 11118 | D:9      | Reached XP level 11. HP: 44/58 MP: 22/31
 11377 | D:9      | Found a hazy altar of Hepliaklqana.
 11425 | D:10     | Found Mosiff's Book Emporium.
 11448 | D:10     | Found a staircase to the Orcish Mines.
 11467 | D:10     | Offered knowledge of Irradiate by Vehumet.
 11886 | D:10     | Killed a two-headed ogre
 12378 | D:11     | Reached skill level 15 in Spellcasting
 12412 | D:11     | Noticed a green ugly thing
 12417 | D:11     | Killed a green ugly thing
 12489 | D:11     | Identified the +8 whip of the Tired Violins {flame, Str+5}
 12513 | D:11     | Reached skill level 10 in Conjurations
 13046 | D:11     | Found an ancient bone altar of Kikubaaqudgha.
 13195 | D:11     | Noticed a two-headed ogre
 13198 | D:11     | Killed a two-headed ogre
 13282 | D:12     | Noticed Josephine
 13355 | D:12     | Killed Josephine
 13366 | D:12     | Reached skill level 16 in Spellcasting
 13482 | D:12     | Noticed a green ugly thing
 13489 | D:12     | Killed a green ugly thing
 13490 | D:12     | Reached XP level 12. HP: 66/66 MP: 30/34
 13734 | D:12     | Reached ***** piety under Vehumet
 13920 | D:12     | Noticed a two-headed ogre
 13923 | D:12     | Killed a two-headed ogre
 13978 | D:12     | Noticed Fannar
 13985 | D:12     | Killed Fannar
 14059 | D:12     | Noticed Urug
 14062 | D:12     | Offered knowledge of Sticky Flame by Vehumet.
 14063 | D:12     | Killed Urug
 14064 | D:12     | Reached skill level 17 in Spellcasting
 14114 | D:12     | Found a runed translucent gate.
 14114 | D:12     | Found a runed translucent gate.
 14114 | D:12     | Found a runed translucent gate.
 14223 | D:12     | Noticed juliuscaesar's ghost (novice FoDe)
 14224 | D:12     | Noticed a minotaur
 14225 | D:12     | Noticed a five-headed hydra
 14557 | D:12     | Found a glowing silver altar of Zin.
 15245 | D:13     | Reached skill level 5 in Shields
 15245 | D:13     | Noticed a centaur warrior
 15249 | D:13     | Killed a centaur warrior
 15250 | D:13     | Reached skill level 10 in Fire Magic
 15402 | D:13     | Noticed a tengu warrior
 15403 | D:13     | Noticed a tengu warrior
 15414 | D:13     | Killed a tengu warrior
 15414 | D:13     | Killed a tengu warrior
 15452 | D:13     | Found a sacrificial altar of Ru.
 15467 | D:13     | Reached skill level 18 in Spellcasting
 15739 | D:13     | Noticed a vault guard
 15741 | D:13     | Noticed an ironbound thunderhulk
 15742 | D:13     | Reached XP level 13. HP: 54/70 MP: 23/37
 15800 | D:13     | Killed from afar by an ironbound thunderhulk

Illustrated notes

Levels and vault maps discovered:
D:1:      saegor_arrival_simple_c, layout_loops_ring
D:2:      kennysheep_the_goblin_king, layout_loops_ring
D:3:      layout_loops_ring, nicolae_nh_oracle_at_delphi, uniq_sigmund
D:4:      layout_basic, minmay_temple_entry_drinking_statues,
          serial_co_window_serial, co_window_corner_a, co_window_corner_a,
          co_window_paths_b, co_window_of_opportunity_a, co_window_paths_a,
          co_window_corner_a, co_window_unsneaky_path_c, co_window_broadway_b,
          co_window_corner_b, co_window_sun, glass_columns_a, glass_columns_b,
          glass_columns_b, glass_columns_a, glass_columns_a, uniq_edmund
D:5:      layout_basic
D:6:      layout_gridville, serial_shops, nicolae_shop_tiny_glass, uniq_grinder
D:7:      layout_gridville, serial_rivers, chequers_serial_rivers_large_b,
          chequers_serial_rivers_micro_a, chequers_serial_rivers_micro_e,
          chequers_serial_rivers_micro_b, chequers_serial_rivers_room_a,
          chequers_serial_rivers_micro_d, david_defended_altar_orc
D:8:      layout_layer_cave, lemuel_crystal_altar, marbit_many_paths,
          due_lair_maze_entry_diamond, dreamdust_wishing_well
D:9:      layout_long_grid, mainiacjoe_overflow_chevrons,
          nzn_hepliaklqana_mist_gate, nicolae_straight_to_the_point
D:10:     layout_irregular_city, minmay_orc_entry_temple_small, serial_shops,
          nicolae_shop_gibbet_a_chance, hangedman_decor_opposing, eino_jars
D:11:     layout_small_grid, grunt_ogre_cave, corexii_checkpoint,
          kiku_gazebo_pond_becter
D:12:     layout_layer_cave, maelrawn_ghost_gauntlet_escape,
          corexii_leaking_fountain, zin_statuary, uniq_urug, uniq_fannar,
          uniq_josephine
D:13:     layout_grid_maze, hellmonk_vaults_keyhole, minivault_14,
          hangedman_ru_absence
Temple:   eino_narrow_crystal_temple

Skill      XL: |  1  2  3  4  5  6  7  8  9 10 11 12 |
---------------+-------------------------------------+-----
Spellcasting   | 5 7 8 10 12 14 16 18 | 18.1
Fighting       | 1 2 3 4 |  4.0
Armour         | 1 2 3 4 |  4.4
Conjurations   | 2 4 5 6 7 8 9 10 11 | 11.7
Stealth        | 3 |  3.0
Dodging        | 3 |  3.0
Poison Magic   | 1 |  1.0
Air Magic      | 1 |  1.0
Transmutations | 1 |  1.1
Fire Magic     | 2 3 5 7 8 10 | 10.2
Ice Magic      | 1 |  1.1
Evocations     | 1 |  1.1
Shields        | 2 3 5 |  5.0
Earth Magic    | 1 |  1.0
Summonings     | |  1.1
Translocations | |  1.1

Action                     |  1- 3 |  4- 6 |  7- 9 | 10-12 | 13-15 || total
---------------------------+-------+-------+-------+-------+-------++-------
  Melee: Dagger            |     4 |    65 |   126 |    29 |       ||   224
         Punch             |       |     1 |     3 |     1 |       ||     5
         Rapier            |       |       |       |     2 |       ||     2
   Cast: Magic Dart        |   113 |    64 |    86 |     2 |       ||   265
         Call Imp          |     1 |     4 |     1 |       |       ||     6
         Mephitic Cloud    |       |    10 |    41 |    10 |       ||    61
         Blink             |       |     1 |     3 |       |       ||     4
         Ignite Poison     |       |       |    16 |     4 |       ||    20
         Flame Wave        |       |       |    11 |     9 |       ||    20
         Foxfire           |       |       |    31 |   178 |       ||   209
         Stone Arrow       |       |       |       |    14 |       ||    14
         Starburst         |       |       |       |    93 |     5 ||    98
         Freezing Cloud    |       |       |       |    12 |       ||    12
  Evoke: Wand              |       |       |     2 |       |       ||     2
    Use: Scroll            |       |       |       |    15 |       ||    15
   Stab: Distracted        |     1 |       |       |       |       ||     1
         Confused          |       |     4 |     9 |       |       ||    13
         Sleeping          |       |       |       |     1 |       ||     1
 Armour: Robe              |    11 |       |       |       |       ||    11
         Leather armour    |     7 |    32 |    95 |    82 |     2 ||   218
  Dodge: Dodged            |    19 |    20 |   113 |    79 |     1 ||   232

Table legend: (Time is in decaauts)
 A = Elapsed time spent in this place.
 B = Non-inter-level travel time spent in this place.
 C = Inter-level travel time spent in this place.
 D = Time resting spent in this place.
 E = Time spent auto-exploring this place.
 F = Levels seen in this place.
 G = Mean time per level.
                   A        B        C        D        E       F      G
               +--------+--------+--------+--------+--------+-----+--------+
         Total |  15812 |  15134 |    678 |    350 |  12445 |  14 | 1129.4 |
       Dungeon |  15799 |  15121 |    678 |    350 |  12445 |  13 | 1215.3 |
        Temple |     12 |     12 |      0 |      0 |      0 |   1 |   12.0 |
               +--------+--------+--------+--------+--------+-----+--------+

Top non-repeatable levels by time:
    D:12: 1698 daAuts
     D:2: 1551 daAuts
     D:4: 1546 daAuts
     D:6: 1544 daAuts
    D:10: 1246 daAuts
     D:8: 1236 daAuts
     D:1: 1119 daAuts
     D:9: 1079 daAuts
     D:5: 1009 daAuts
     D:7: 984 daAuts
     D:3: 960 daAuts
    D:11: 940 daAuts
    D:13: 882 daAuts
  Temple: 12 daAuts
